Map: Malwarfare

Players

Trogdor

  • Race: Zerg Zerg
  • Spawn Location: 7:00

Blodhgarm

  • Race: Zerg Zerg
  • Spawn Location: 7:00

VOD

Have the link to the VOD?

Description

Time

  • Played on: Nov. 4, 2023, 5:08 p.m.
  • Length: 28:08
Show
View Real Time Build Order
Export as new Build Order

Trogdor Zerg 

Build Orders:  

Get SALT Encoding   

  6  0:11  Drone x2  
  6  0:18  Drone x2  
  8  0:27  Drone x2  
  9  0:44  Drone x2  
  9  0:46  Drone x2  
  11  0:54  Extractor  
  11  0:57  Extractor  
  11  0:59  Drone x2  
  11  1:25  Spawning Pool  
  10  1:31  Drone x2  
  10  1:35  Drone x2  
  12  1:57  Lair  
  12  2:00  Drone x2  
  13  2:22  Baneling Nest, Overlord  
  13  2:39  Evolution Chamber  
  12  2:50  Drone x2  
  13  3:00  Overseer  
  13  3:03  Swarmling x8  
  13  3:04  Swarmling x8  
  21  3:18  Overseer  
  21  3:39  Overseer  
  21  3:57  Overseer  
  22  4:23  Overlord x3  
  22  4:24  Overlord  
  20  4:46  Overlord x3  
  22  5:00  Hatchery  
  22  5:03  Overseer  
  22  5:04  Overseer x4  
  21  5:15  Corrosive Acid  
  25  5:45  Metabolic Boost  
  29  5:55  Centrifugal Hooks, Aberration  
  29  5:56  Swarmling x8  
  36  6:06  Unknown  
  35  6:14  Swarmling x4  
  35  6:15  Swarmling x16  
  47  7:07  Swarmling x4  
  47  7:08  Drone x6  
  47  7:09  Drone x10  
  42  7:40  Hardened Carapace  
  42  7:42  Hive  
  46  8:02  Extractor x2  
  45  8:17  Overlord x2  
  47  8:28  Scourge Nest  
  46  8:30  Evolution Chamber  
  38  9:01  Swarmling x4  
  38  9:02  Swarmling x44  
  66  9:20  Overlord x2  
  66  9:46  Scourge x4  
  70  9:55  Swarmling x4  
  70  9:56  Swarmling x24  
  84  10:16  Scourge x4  
  79  10:23  Scourge x3  
  79  10:24  Scourge x9  
  79  10:25  Unknown  
  71  10:45  Drone x2  
  71  10:46  Scourge x4, Drone x8  
  58  11:16  Scourge x4  
  49  11:21  Swarmling x4  
  49  11:22  Swarmling x28  
  55  11:46  Scourge x4  
  52  12:00  Overseer x2  
  52  12:01  Overseer x2  
  52  12:05  Drone x4  
  52  12:06  Drone x2  
  44  12:16  Scourge x4  
  44  12:17  Hatchery  
  39  12:23  Hatchery  
  38  12:32  Swarmling x4  
  38  12:33  Swarmling x36  
  56  12:46  Scourge x4  
  54  13:16  Scourge x4, Swarmling x4  
  54  13:17  Swarmling x28  
  72  13:27  Rupture  
  72  13:29  Adrenal Overload  
  74  13:32  Zerg Ground Armor Level 1  
  74  13:46  Scourge x4  
  77  14:16  Scourge  
  79  14:20  Scourge x3  
  79  14:29  Shredding Claws  
  73  14:46  Scourge x4  
  77  15:15  Virulent Spores  
  80  15:23  Scourge  
  80  15:26  Overlord x5  
  80  15:27  Overlord x5  
  80  15:28  Overlord x5  
  80  15:29  Overlord x4  
  80  15:30  Overlord x5  
  80  15:39  Scourge x3  
  80  15:53  Scourge x4  
  85  16:12  Protective Cover  
  85  16:15  Simplified Genome  
  76  16:23  Scourge x4  
  75  16:44  Unknown  
  69  16:53  Scourge x4  
  71  17:12  Swarmling x4  
  71  17:13  Swarmling x32  
  71  17:14  Swarmling x60  
  71  17:15  Unknown  
  106  17:23  Scourge x4  
  92  17:53  Scourge x4  
  85  18:23  Scourge x4  
  85  18:25  Scourge x6  
  85  18:26  Scourge x42  
  85  18:27  Swarmling x4  
  85  18:28  Swarmling x28  
  91  18:53  Scourge x4  
  88  19:10  Scourge x3  
  88  19:11  Swarmling x4  
  88  19:12  Swarmling x56  
  116  19:23  Scourge x4  
  107  19:53  Scourge x4  
  107  20:23  Scourge x4  
  107  20:29  Hatchery x2  
  110  20:30  Hatchery  
  110  20:31  Overlord x4  
  110  20:32  Overlord x4  
  101  20:50  Aberration x3  
  101  20:51  Aberration x4  
  101  20:52  Aberration x5  
  101  20:53  Scourge x4, Aberration x2  
  129  21:23  Scourge x4  
  122  21:53  Scourge x4  
  119  22:23  Scourge x4  
  125  22:53  Scourge x4  
  125  22:54  Overseer x3  
  125  22:55  Overseer x5  
  125  22:56  Overseer  
  124  23:23  Scourge x4  
  130  23:40  Overlord  
  130  23:41  Overlord x4  
  130  23:44  Scourge x6  
  130  23:45  Scourge x15  
  130  23:46  Scourge x6  
  137  23:53  Scourge x4  
  123  24:23  Scourge x4  
  104  24:53  Scourge x4  
  110  25:19  Scourge x6  
  113  25:20  Scourge x63  
  113  25:21  Scourge x3  
  113  25:23  Scourge x4  
  137  25:53  Scourge x4  
  97  26:23  Scourge x4  
  99  26:53  Scourge x4  
Show
View Real Time Build Order
Export as new Build Order

Blodhgarm Zerg 

Build Orders:  

Get SALT Encoding   

  12  0:08  Drone  
  13  0:22  Overlord  
  13  0:35  Drone x2  
  14  0:53  Drone x3  
  17  1:08  Drone  
  17  1:09  Drone  
  19  1:15  Extractor x2  
  17  1:41  Overlord  
  17  1:42  Roach Warren  
  16  2:12  Drone x4  
  20  2:26  Spore Crawler  
  19  2:40  Drone x2  
  21  2:59  Lair  
  21  3:03  Drone  
  21  3:08  Drone  
  23  3:13  Drone  
  24  3:25  Drone  
  24  3:26  Drone  
  26  3:42  Drone x3  
  30  3:51  Overlord  
  29  4:24  Infestation Pit  
  29  4:26  Spire  
  27  4:37  Drone  
  27  4:38  Drone x4  
  32  4:41  Virulent Microbes  
  32  5:08  Hive  
  32  5:15  Viper  
  35  5:52  Hatchery  
  35  5:53  Extractor  
  35  5:57  Extractor  
  32  6:03  Drone  
  32  6:04  Drone x4  
  32  6:05  Drone  
  38  6:46  Greater Spire  
  38  6:53  Viper x2  
  44  7:17  Overlord  
  44  7:18  Overlord x4  
  44  7:59  Drone x4  
  48  8:04  Drone x3  
  48  8:05  Drone x4  
  48  8:08  Overlord  
  55  8:45  Prolonged Dispersion  
  55  8:57  Unknown  
  55  9:11  Mutalisk  
  55  9:12  Mutalisk x2  
  55  9:15  Mutalisk  
  63  9:30  Mutalisk x4  
  63  9:55  Guardian x4  
  63  10:11  Overseer  
  63  10:12  Overseer x2  
  63  10:15  Corrosive Spray  
  63  11:24  Viper x2  
  63  11:36  Mutalisk  
  63  11:37  Mutalisk x2  
  75  11:52  Mutalisk  
  75  11:53  Mutalisk x2  
  75  12:17  Guardian  
  75  12:18  Guardian x2  
  75  12:25  Zerg Flyer Armor Level 1  
  75  14:23  Mutalisk x3  
  75  14:24  Mutalisk x3  
  75  14:27  Overlord  
  75  14:28  Overlord x11  
  87  14:39  Mutalisk  
  87  14:40  Mutalisk x5  
  87  14:57  Devourer  
  87  14:58  Devourer x5  
  87  15:17  Viper  
  87  15:18  Viper x3  
  99  15:56  Zerg Flyer Armor Level 2  
  99  18:59  Mutalisk  
  115  19:00  Mutalisk x5  
  101  19:01  Mutalisk x2  
  115  19:11  Mutalisk  
  115  19:12  Mutalisk x7  
  115  19:36  Guardian  
  115  19:37  Guardian x7  
  115  19:41  Zerg Flyer Armor Level 3  
  115  20:50  Mutalisk x4  
  115  20:51  Mutalisk, Viper  
  126  21:33  Mutalisk x3  
  126  21:34  Mutalisk x2  
  126  21:58  Guardian x3  
  126  21:59  Guardian x2  
  124  23:21  Zerg Flyer Weapons Level 1  
  124  23:30  Viper x4  
  124  23:31  Viper  
  124  23:42  Overlord  
  124  23:43  Overlord x2  
  124  23:46  Overseer x3  
  139  25:11  Viper x2  
  139  25:12  Viper  
Tags
 
Commander
AbathurZagara
Matchup
Co-op
Add a new tag
Caveats
  • Supply blocks, unpowered buildings, or Contaminate may cause inaccurate times.
  • Supply counts are checked every 10 seconds.